AoeStats
← Tanke88

Arabia

510645014Analyzed
1v1 RM · 1d ago on Oct 1, 2026· 46m 14s· 2 players
Game mode
Random Map
Map size
Tiny (2 player)
Population
200
Speed
Normal
Resources
Standard
Victory
Conquest
Starting age
Dark Age
Ending age
Imperial Age
RankedLock teamsTeams togetherTeam positionsShared explorationLock speedFull tech treeHidden civsTurbo modeCheats
Victory
Defeat
🇹🇷 Franks · Türkiye
800
+17
🇲🇽 Hindustanis · Mexico
823
-17
MIMIR
10:52 Feudal Age
21:11 Castle Age
20:57 Double-Bit Axe
22:13 Scale Barding Armor
21:30 Light Cavalry
22:20 Husbandry
22:59 Loom
25:29 Town Watch
26:27 Pikeman
27:09 Light Cavalry
28:34 Wheelbarrow
28:34 Gambesons
28:49 Squires
28:36 Arson
29:44 Ballistics
30:09 Forging
29:59 Scale Mail Armor
30:58 Gold Mining
31:48 Masonry
34:25 Hand Cart
34:10 Town Patrol
35:41 Town Patrol
36:31 Gold Shaft Mining
35:46 Stone Mining
36:31 Gold Shaft Mining
35:46 Stone Mining
40:09 Imperial Age
39:38 Fletching
39:48 Padded Archer Armor
39:38 Fletching
39:48 Padded Archer Armor
42:19 Chemistry
41:00 Treadmill Crane
42:36 Stone Mining
42:23 Elite Throwing Axeman
43:26 Bodkin Arrow
43:46 Leather Archer Armor
43:27 Bodkin Arrow
43:47 Leather Archer Armor
43:05 Cavalier
44:52 Chivalry
Tanke88
6:46 Loom
9:55 Feudal Age
10:34 Double-Bit Axe
12:50 Horse Collar
17:40 Wheelbarrow
19:40 Fletching
22:16 Castle Age
21:19 Gold Mining
25:58 Gold Shaft Mining
26:14 Forging
26:35 Stone Mining
26:58 Heavy Plow
27:41 Husbandry
29:23 Bloodlines
31:26 Bow Saw
33:50 Iron Casting
33:25 Elite Skirmisher
34:46 Padded Archer Armor
36:04 Bodkin Arrow
39:38 Imperial Age
37:20 Town Watch
41:10 Conscription
42:33 Blast Furnace
42:32 Bodkin Arrow
43:41 Blast Furnace
44:35 Bracer
Connection lost

Rejoining the realm…

Still unreachable

The connection could not be restored.

Session expired

The server has moved on; the page needs a fresh start.